 Dungeon Sprint DCSS version 0.30-a0-51-g784eafce7f (webtiles) character file.

Game seed: 16451586750203383590

9333 Zeld the Severer (level 11, -10/78 HPs)
             Began as a Minotaur Berserker on Sept 6, 2022.
             Was the Champion of Trog.
             Mangled by a lorocyproca (32 damage)
             ... in the Dungeon (Sprint I: "Red Sonja").
             The game lasted 00:03:54 (3144 turns).

Zeld the Severer (Minotaur Berserker)               Turns: 3144, Time: 00:03:55

Health: -10/78     AC:  4    Str: 30 (31) XL:     11   Next: 21%
Magic:  0/6        EV: 15    Int:  3      God:    Trog [******]
Gold:   632        SH:  5    Dex:  8      Spells: 10/10 levels left

rFire   . . .      SeeInvis .    a - +8 executioner's axe of the Eternal Void {vorpal, Dex+2}
rCold   . . .      Faith    .    (shield currently unavailable)
rNeg    . . .      Spirit   .    b - +0 troll leather armour
rPois   .          Reflect  +    (helmet restricted)
rElec   .          Harm     .    (no cloak)
rCorr   .          Rampage  .    (no gloves)
Will    .....      Rage     9%   (no boots)
Stlth   +......... NoTele   +    m - amulet of reflection
HPRegen 0.00/turn                (no ring)
MPRegen 0.10/turn                (no ring)

@: inhibited regen, unable to read, unable to drink
A: horns 2, retaliatory headbutt, berserk 2, clumsy 1, deformed body,
deterioration 2, frail 3, low MP 3, screaming 2, inhibited regeneration, strong
1, subdued magic 2, inability to drink after injury 2, inability to read after
injury 2, devolution 1
a: Renounce Religion, Berserk, Trog's Hand, Brothers in Arms


You were in the Dungeon.
You worshipped Trog.
Trog was exalted by your worship.
You visited 1 branch You collected 1034 gold pieces.
You spent 402 gold pieces at shops.

Inventory:

Hand Weapons
 a - the +8 executioner's axe of the Eternal Void (weapon) {vorpal, Dex+2}
   (Trog gifted it to you in the Dungeon)

   It inflicts extra damage upon your enemies.
   Dex:       It affects your dexterity (+2).
Armour
 b - a +0 troll leather armour (worn)
Jewellery
 m - an amulet of reflection (around neck)
Wands
 i - a wand of paralysis (5)
Scrolls
 h - a scroll of blinking
 k - a scroll of immolation {unknown}
 l - a scroll of butterflies
 n - 3 scrolls of identify
Potions
 c - 4 potions of curing
 d - a potion of heal wounds
 e - 2 potions of haste
 f - 2 potions of magic
 g - a potion of berserk rage
 j - a potion of might


   Skills:
 + Level 15.3 Fighting
 * Level 20.6 Axes
 + Level 15.0 Armour
 + Level 13.9 Dodging


You had 10 spell levels left.
You didn't know any spells.
Your spell library was empty.

Dungeon Overview and Level Annotations

Branches:
Dungeon (1/1)

Altars:
Cheibriados
Dithmenos
Elyvilon
Fedhas
Gozag
Hepliaklqana
Kikubaaqudgha
Makhleb
Nemelex Xobeh
Okawaru
Qazlal
Ru
Sif Muna
Trog
Uskayaw
Vehumet
Wu Jian
Xom
Yredelemnul
Zin
The Shining One
Jiyva
Lugonu

Shops:
D ?[(**([


Innate Abilities, Weirdness & Mutations

You have a pair of horns on your head.
You reflexively headbutt those who attack you in melee.
You have an uncontrollable temper.
You are clumsy. (Dex -2)
Armour fits poorly on your strangely shaped body.
Your body often deteriorates upon taking damage.
You are extremely frail. (-30% HP)
Your magical capacity is extremely low. (-30% MP)
You frequently scream uncontrollably at your foes.
You do not regenerate when monsters are visible.
Your muscles are strong. (Str +4, Int/Dex -1)
Your spells are easier to cast, but less powerful.
You sometimes lose the ability to drink potions when taking damage.
You sometimes lose the ability to read scrolls when taking damage.
You have hidden genetic defects.


Message History

You close the door.
You start waiting.
Done waiting.
You open the door.
Really walk into a travel-excluded area?
Okay, then.
Really walk into a travel-excluded area?
There is an open door here.
You are engulfed in noxious fumes.
You choke on the stench!
You are confused.
You are engulfed in noxious fumes.
You feel less confused.
Really walk into that cloud of noxious fumes?
Okay, then.
As you open the door, it creaks loudly!
A meliai comes into view. It is wielding a +0 hand axe.
The meliai buzzes angrily.
Found 162 gold pieces.
You hear a chilling moan.
There is an open door here.
You close the door.
You block something's attack.
Deactivating autopickup; reactivate with Ctrl-A.
You open the door. Something hits you!
You feel your power leaking away.
The meliai calls down the wrath of its god upon you.
Something smites you!
Found a long sword.
Something hits you.
The meliai calls down the wrath of its god upon you.
Something smites you!
You feel threatened and lose the ability to read scrolls!
There is an open door here.
Something hits you!!
You feel threatened and lose the ability to drink potions!
* * * LOW HITPOINT WARNING * * *
Your body deteriorates!
You feel weakened.
You see here a +0 long sword.
Something is blocking the doorway!
Something hits you!!
You die...

##########################
#__#).')..#.[#§§§§§§§§.§.+
'..'..#)..##'#.####§§§..##
#__####...').#.#@###§§§##
#### #####..'.#'#$###+# #
##○####..$#y#.# +
#○....#..$###..###$# #
#○..○.+..$$$##.#A#$#
##+### ###○°.#.....#
.###$# #.)..###
#...###++## ##..$#
##'###.## #..## +###
..[..'.∩# #°.#


There were no monsters in sight!

Vanquished Creatures
  Sonja (D)
  A deep troll (D)
  A lindwurm (D)
  8 shining eyes (D)
  2 kobold demonologists (D)
  3 demonic crawlers (D)
  A slime creature (D)
  Sigmund (D)
  A yak (D)
  13 hogs (D)
  5 floating eyes (D)
  An ogre (D)
  A jelly (D)
  Ijyb (D)
40 creatures vanquished.

Vanquished Creatures (collateral kills)
  A gargoyle (D)
  A demonic crawler (D)
2 creatures vanquished.

Vanquished Creatures (others)
  2 ballistomycete spores (D)
2 creatures vanquished.

Grand Total: 44 creatures vanquished

Notes
Turn   | Place    | Note
-------+----------+-------------------------------------------
     0 | D        | Zeld the Minotaur Berserker began the quest for the Orb.
     0 | D        | Reached XP level 1. HP: 19/19 MP: 0/0
     2 | D        | Noticed Ijyb
     8 | D        | Killed Ijyb
     9 | D        | Reached skill level 5 in Axes
     9 | D        | Reached XP level 2. HP: 28/28 MP: 1/1
   200 | D        | Noticed an ogre
   205 | D        | Killed an ogre
   206 | D        | Reached skill level 7 in Axes
   206 | D        | Reached skill level 5 in Armour
   206 | D        | Reached skill level 5 in Dodging
   206 | D        | Reached XP level 3. HP: 33/37 MP: 2/2
   206 | D        | Reached XP level 4. HP: 40/44 MP: 3/3
   346 | D        | Noticed Sigmund
   351 | D        | Killed Sigmund
   351 | D        | Reached ** piety under Trog
   352 | D        | Reached skill level 10 in Axes
   352 | D        | Reached XP level 5. HP: 46/52 MP: 4/4
   352 | D        | Reached XP level 6. HP: 53/60 MP: 5/5
   786 | D        | Found an ornate altar of the Wu Jian Council.
   786 | D        | Found a shimmering blue altar of Sif Muna.
   788 | D        | Found a radiant altar of Vehumet.
   853 | D        | Found Ekich's Assorted Antiques.
   853 | D        | Found an ancient bone altar of Kikubaaqudgha.
   853 | D        | Found a hazy altar of Hepliaklqana.
   853 | D        | Found a stormy altar of Qazlal.
   853 | D        | Found a hide-covered altar of Uskayaw.
   853 | D        | Found a blossoming altar of Fedhas.
   853 | D        | Found a bloodstained altar of Trog.
   853 | D        | Found an iron altar of Okawaru.
   853 | D        | Found a basalt altar of Yredelemnul.
   853 | D        | Found a glowing golden altar of the Shining One.
   853 | D        | Found a snail-covered altar of Cheibriados.
   853 | D        | Found a sacrificial altar of Ru.
   853 | D        | Found a glowing silver altar of Zin.
   853 | D        | Found a shadowy altar of Dithmenos.
   853 | D        | Found a white marble altar of Elyvilon.
   853 | D        | Noticed a yak
   857 | D        | Killed a yak
   858 | D        | Reached skill level 11 in Axes
   858 | D        | Found an opulent altar of Gozag.
   859 | D        | Found a sparkling altar of Nemelex Xobeh.
   945 | D        | Bought a potion of haste for 170 gold pieces
   945 | D        | Bought a glowing emerald amulet for 85 gold pieces
   945 | D        | Bought a potion of curing for 51 gold pieces
   951 | D        | Noticed Sonja
   956 | D        | Killed Sonja
   956 | D        | Reached *** piety under Trog
   957 | D        | Reached skill level 10 in Fighting
   957 | D        | Reached skill level 13 in Axes
   957 | D        | Reached XP level 7. HP: 72/72 MP: 6/6
  1150 | D        | Found Simeant's Magic Scroll Boutique.
  1158 | D        | Bought a scroll of identify for 28 gold pieces
  1158 | D        | Bought a scroll of identify for 28 gold pieces
  1160 | D        | Noticed a shining eye
  1160 | D        | Noticed a shining eye
  1160 | D        | Noticed a shining eye
  1160 | D        | Noticed a shining eye
  1160 | D        | Noticed a shining eye
  1160 | D        | Noticed a shining eye
  1161 | D        | Gained mutation: You have supernaturally acute eyesight.
                  | (SInv) [a shining eye]
  1164 | D        | Reached XP level 8. HP: 79/79 MP: 7/7
  1164 | D        | Gained mutation: You sometimes lose your temper in combat.
                  | [a shining eye]
  1165 | D        | Gained mutation: You do not regenerate when monsters are
                  | visible. [a shining eye]
  1165 | D        | Paralysed by a floating eye for 3 turns
  1165 | D        | Gained mutation: You occasionally lose the ability to drink
                  | potions when taking damage. [a shining eye]
  1167 | D        | Gained mutation: You occasionally lose the ability to read
                  | scrolls when taking damage. [a shining eye]
  1167 | D        | Gained mutation: You have hidden genetic defects. [a
                  | shining eye]
  1169 | D        | Reached skill level 14 in Axes
  1169 | D        | Reached skill level 10 in Armour
  1171 | D        | Lost mutation: You sometimes lose your temper in combat. [a
                  | shining eye]
  1172 | D        | Gained mutation: Armour fits poorly on your strangely
                  | shaped body. [a shining eye]
  1173 | D        | Gained mutation: Your magical capacity is low. (-10% MP) [a
                  | shining eye]
  1174 | D        | Killed a shining eye
  1174 | D        | Reached **** piety under Trog
  1175 | D        | Gained mutation: Your spells are a little easier to cast,
                  | but a little less powerful. [hidden defects]
  1176 | D        | Killed a shining eye
  1176 | D        | Gained mutation: Your muscles are strong. (Str +4, Int/Dex
                  | -1) [a shining eye]
  1176 | D        | Gained mutation: You are frail. (-10% HP) [a shining eye]
  1177 | D        | Reached skill level 15 in Axes
  1177 | D        | Reached skill level 10 in Dodging
  1178 | D        | Gained mutation: You sometimes lose the ability to drink
                  | potions when taking damage. [a shining eye]
  1180 | D        | Killed a shining eye
  1180 | D        | Gained mutation: You are clumsy. (Dex -2) [a shining eye]
  1181 | D        | Reached skill level 16 in Axes
  1181 | D        | Reached XP level 9. HP: 81/81 MP: 7/7
  1182 | D        | Gained mutation: You have terrible hidden genetic defects.
                  | [a shining eye]
  1184 | D        | Killed a shining eye
  1186 | D        | Lost mutation: You have supernaturally acute eyesight.
                  | (SInv) [a shining eye]
  1190 | D        | Gained mutation: You sometimes lose your temper in combat.
                  | [a shining eye]
  1192 | D        | Gained mutation: You are very frail. (-20% HP) [a shining
                  | eye]
  1193 | D        | Gained mutation: You are extremely frail. (-30% HP) [a
                  | shining eye]
  1196 | D        | Killed a shining eye
  1196 | D        | Gained mutation: You occasionally shout uncontrollably at
                  | your foes. [hidden defects]
  1196 | D        | Lost mutation: You have terrible hidden genetic defects.
                  | [hidden defects expressed]
  1197 | D        | Killed a shining eye
  1198 | D        | Reached skill level 17 in Axes
  1199 | D        | Noticed a shining eye
  1199 | D        | Noticed a shining eye
  1199 | D        | Gained mutation: You have an uncontrollable temper. [a
                  | shining eye]
  1202 | D        | Reached ***** piety under Trog
  1202 | D        | Paralysed by a floating eye for 2 turns
  1203 | D        | Gained mutation: You sometimes lose the ability to read
                  | scrolls when taking damage. [a shining eye]
  1207 | D        | Gained mutation: Your magical capacity is very low. (-20%
                  | MP) [a shining eye]
  1211 | D        | Gained mutation: Your magical capacity is extremely low.
                  | (-30% MP) [a shining eye]
  1212 | D        | Gained mutation: Your body sometimes deteriorates upon
                  | taking damage. [a shining eye]
  1212 | D        | Gained mutation: Your body often deteriorates upon taking
                  | damage. [a shining eye]
  1216 | D        | Killed a shining eye
  1217 | D        | Reached XP level 10. HP: 70/70 MP: 6/6
  1218 | D        | Killed a shining eye
  1219 | D        | Reached skill level 18 in Axes
  1302 | D        | Found Gelagoez's General Store.
  1302 | D        | Found Zapnogesh's Armour Shoppe.
  1302 | D        | Found Apneip's Antique Weapon Boutique.
  1302 | D        | Found Woutior's Weapon Emporium.
  1321 | D        | Bought a scroll of identify for 20 gold pieces
  1321 | D        | Bought a scroll of identify for 20 gold pieces
  1340 | D        | Noticed a deep troll
  1347 | D        | Killed a deep troll
  1594 | D        | Found Caigitupt's Armour Emporium.
  1886 | D        | Found a burning altar of Makhleb.
  1886 | D        | Found a viscous altar of Jiyva.
  1886 | D        | Found a shimmering altar of Xom.
  1886 | D        | Found a corrupted altar of Lugonu.
  1899 | D        | Gained mutation: You have terrible hidden genetic defects.
                  | [hidden defects]
  2163 | D        | Received a gift from Trog
  2166 | D        | Reached skill level 19 in Axes
  2317 | D        | Noticed a gargoyle
  2325 | D        | Killed a gargoyle
  2335 | D        | Gained mutation: You frequently scream uncontrollably at
                  | your foes. [hidden defects]
  2335 | D        | Lost mutation: You have terrible hidden genetic defects.
                  | [hidden defects expressed]
  2524 | D        | Noticed a lindwurm
  2526 | D        | Killed a lindwurm
  2739 | D        | Reached skill level 20 in Axes
  2741 | D        | Reached XP level 11. HP: 66/77 MP: 6/6
  2749 | D        | Reached skill level 15 in Fighting
  2752 | D        | Reached ****** piety under Trog
  2756 | D        | Identified the +8 executioner's axe of the Eternal Void
                  | {vorpal, Dex+2} (Trog gifted it to you in the Dungeon)
  2756 | D        | Received a gift from Trog
  2762 | D        | Reached skill level 15 in Armour
  2772 | D        | Gained mutation: Your spells are easier to cast, but less
                  | powerful. [hidden defects]
  2996 | D        | Noticed a daeva
  3144 | D        | Mangled by a lorocyproca

Illustrated notes

Levels and vault maps discovered:
D:        dungeon_sprint_1 [red_sonja_temple_1, red_sonja_temple_small_1]

Skill      XL: |  1  2  3  4  5  6  7  8  9 10 11 |
---------------+----------------------------------+-----
Fighting       | 4 6 7 10 11 13 14 15 | 15.3
Axes           | 5 7 10 13 16 17 20 | 20.6
Armour         | 3 5 7 9 11 12 14 15 | 15.0
Dodging        | 3 5 6 8 9 10 11 13 | 13.9

Action                   |  1- 3 |  4- 6 |  7- 9 | 10-12 || total
-------------------------+-------+-------+-------+-------++-------
Melee: Hand axe          |     8 |     3 |       |    16 ||    27
       Headbutt          |     1 |     2 |    10 |    15 ||    28
       Halberd           |       |     8 |    45 |     7 ||    60
       Battleaxe         |       |       |       |    37 ||    37
Invok: Berserk           |     2 |     1 |       |     4 ||     7
       Brothers in Arms  |       |       |       |     2 ||     2
Evoke: Wand              |       |     2 |       |       ||     2
  Use: Scroll            |       |       |       |     2 ||     2
 Stab: Paralysed         |       |     3 |       |       ||     3
       Sleeping          |       |     1 |     1 |       ||     2
Armor: Troll leather arm |       |       |       |     7 ||     7
Dodge: Dodged            |     2 |     3 |       |    16 ||    21
Block: Other             |       |       |       |    10 ||    10

Table legend: (Time is in decaauts)
 A = Elapsed time spent in this place.
 B = Non-inter-level travel time spent in this place.
 C = Inter-level travel time spent in this place.
 D = Time resting spent in this place.
 E = Time spent auto-exploring this place.
 F = Levels seen in this place.
 G = Mean time per level.
                   A        B        C        D        E       F      G
               +--------+--------+--------+--------+--------+-----+--------+
         Total |   3204 |   3204 |      0 |   2702 |      0 |   1 | 3204.0 |
       Dungeon |   3204 |   3204 |      0 |   2702 |      0 |   1 | 3204.0 |
               +--------+--------+--------+--------+--------+-----+--------+

Top non-repeatable levels by time:
       D: 3204 daAuts
